3AA
WESTWOOD SIXSHOOTERS @ BELVEDERE PARK RAWHIDES
08/23/2034
 
TOP OF THE 1ST
Westwood Sixshooters batting - Pitching for Belvedere Park Rawhides : RHP Ricardo Ferreira
Pitching: RHP Ricardo Ferreira
Batting: RHB Wallace Bane 0-0: Called Strike
0-1: Ball
1-1: Fly out, F8 (Line Drive, 8LD)
Batting: SHB Jin-yong Ch'oe 0-0: Ball
1-0: Foul Ball, location: 2F
1-1: Foul Ball, location: 2F
1-2: Foul Ball, location: 2F
1-2: Ground out 4-3 (Groundball, 34)
Batting: RHB Simone Catalani 0-0: Swinging Strike
0-1: Ground out 5-3 (Groundball, 5)
Top of the 1st over - 0 runs, 0 hits, 0 errors, 0 left on base; Westwood 0 - Belvedere Park 0
BOTTOM OF THE 1ST
Belvedere Park Rawhides batting - Pitching for Westwood Sixshooters : RHP José Blanco
Pitching: RHP José Blanco
Batting: SHB José Pinto 0-0: Ball
1-0: Bunt for hit - play at first, batter OUT! 1-3
Batting: LHB Ken Gill 0-0: Ball
1-0: Ball
2-0: Ball
3-0: Base on Balls
Batting: RHB Min-gook Ch'oe 0-0: Ball
1-0: Fly out, F3 (Popup, 34S)
Batting: RHB Domingo Trujillo 0-0: Fly out, F9 (Flyball, 9LMF)
Bottom of the 1st over - 0 runs, 0 hits, 0 errors, 1 left on base; Westwood 0 - Belvedere Park 0
TOP OF THE 2ND
Westwood Sixshooters batting - Pitching for Belvedere Park Rawhides : RHP Ricardo Ferreira
Batting: RHB Oki Hai 0-0: Ball
1-0: Ball
2-0: Ball
3-0: Called Strike
3-1: Foul Ball, location: 2F
3-2: Ground out 6-3 (Groundball, 6M)
Batting: RHB George Cook 0-0: Ball
1-0: Ball
2-0: Ground out 6-3 (Groundball, 6)
Batting: RHB Cody Riddle 0-0: Ball
1-0: SINGLE (Flyball, 7S)
Batting: SHB Julián Valentín 0-0: Ball
1-0: SINGLE (Flyball, 9S)
Cody Riddle to second
Runner from 2nd tries for 3rd, OUT!
Top of the 2nd over - 0 runs, 2 hits, 0 errors, 1 left on base; Westwood 0 - Belvedere Park 0
BOTTOM OF THE 2ND
Belvedere Park Rawhides batting - Pitching for Westwood Sixshooters : RHP José Blanco
Batting: RHB Pat Lloyd 0-0: Foul Ball, location: 2F
0-1: Foul Ball, location: 2F
0-2: Foul Ball, location: 2F
0-2: Ground out 6-3 (Groundball, 6)
Batting: RHB Hang-ki Chung 0-0: Called Strike
0-1: Ground out 1-3 (Groundball, P)
Batting: RHB Pat Sizemore 0-0: Ball
1-0: Ball
2-0: SINGLE (Line Drive, 8LS)
Batting: RHB Mike Printup 0-0: SINGLE (Groundball, 4MD)
Pat Sizemore to second
Runner from 2nd tries for 3rd, SAFE, throw made to third
Batting: RHB Wallace Belyeu 0-0: Ball
1-0: Foul Ball, location: 2F
1-1: Ball
2-1: Foul Ball, location: 2F
2-2: Strikes out looking
Bottom of the 2nd over - 0 runs, 2 hits, 0 errors, 2 left on base; Westwood 0 - Belvedere Park 0
TOP OF THE 3RD
Westwood Sixshooters batting - Pitching for Belvedere Park Rawhides : RHP Ricardo Ferreira
Batting: LHB Jorge Corella 0-0: Ball
1-0: DOUBLE (Line Drive, 89M)
Batting: SHB José Tirado 0-0: DOUBLE (Flyball, 8LXD)
Jorge Corella scores
Batting: RHB Wallace Bane 0-0: Called Strike
0-1: Called Strike
0-2: Strikes out swinging
Batting: SHB Jin-yong Ch'oe 0-0: Foul Ball, location: 2F
0-1: Ball
1-1: Ball
2-1: Ball
3-1: Ground out 4-3 (Groundball, 4)
José Tirado to third
Batting: RHB Simone Catalani 0-0: Ball
1-0: Ball
2-0: Ground out 4-3 (Groundball, 4)
Top of the 3rd over - 1 run, 2 hits, 0 errors, 1 left on base; Westwood 1 - Belvedere Park 0
BOTTOM OF THE 3RD
Belvedere Park Rawhides batting - Pitching for Westwood Sixshooters : RHP José Blanco
Batting: SHB José Pinto 0-0: Foul Ball, location: 2F
0-1: Ball
1-1: Foul Ball, location: 2F
1-2: Strikes out looking
Batting: LHB Ken Gill 0-0: Fly out, F6 (Line Drive, 6M)
Batting: RHB Min-gook Ch'oe 0-0: Called Strike
0-1: Swinging Strike
0-2: Strikes out swinging
Bottom of the 3rd over - 0 runs, 0 hits, 0 errors, 0 left on base; Westwood 1 - Belvedere Park 0
TOP OF THE 4TH
Westwood Sixshooters batting - Pitching for Belvedere Park Rawhides : RHP Ricardo Ferreira
Batting: RHB Oki Hai 0-0: Ball
1-0: Foul Ball, location: 2F
1-1: Swinging Strike
1-2: Fly out, F7 (Flyball, 7S)
Batting: RHB George Cook 0-0: Ball
1-0: Foul Ball, location: 2F
1-1: Ball
2-1: SOLO HOME RUN (Flyball, 7D), Distance : 392 ft
Batting: RHB Cody Riddle 0-0: Foul Ball, location: 2F
0-1: Called Strike
0-2: Foul Ball, location: 2F
0-2: Ball
1-2: Strikes out swinging
Batting: SHB Julián Valentín 0-0: Ball
1-0: Swinging Strike
1-1: Foul Ball, location: 2F
1-2: Ball
2-2: Ball
3-2: Foul Ball, location: 2F
3-2: Strikes out looking
Top of the 4th over - 1 run, 1 hit, 0 errors, 0 left on base; Westwood 2 - Belvedere Park 0
BOTTOM OF THE 4TH
Belvedere Park Rawhides batting - Pitching for Westwood Sixshooters : RHP José Blanco
Batting: RHB Domingo Trujillo 0-0: Ball
1-0: Swinging Strike
1-1: Ball
2-1: Called Strike
2-2: Ball
3-2: Ground out 5-3 (Groundball, 56S)
Batting: RHB Pat Lloyd 0-0: Foul Ball, location: 2F
0-1: SINGLE (Groundball, 56D)
Batting: RHB Hang-ki Chung 0-0: Ball
1-0: Ball
2-0: Called Strike
2-1: SINGLE (Groundball, 4MD)
Pat Lloyd to second
Runner from 2nd tries for 3rd, SAFE, no throw
Batting: RHB Pat Sizemore 0-0: Ball
1-0: Called Strike
1-1: Foul Ball, location: 2F
1-2: Strikes out swinging
Batting: RHB Mike Printup 0-0: Ball
1-0: Ball
2-0: Ground out 4-3 (Groundball, 4S)
Bottom of the 4th over - 0 runs, 2 hits, 0 errors, 2 left on base; Westwood 2 - Belvedere Park 0
TOP OF THE 5TH
Westwood Sixshooters batting - Pitching for Belvedere Park Rawhides : RHP Ricardo Ferreira
Batting: LHB Jorge Corella 0-0: Fly out, F7 (Flyball, 78S)
Batting: SHB José Tirado 0-0: Ball
1-0: Foul Ball, location: 2F
1-1: Ball
2-1: Foul Ball, location: 2F
2-2: Ball
3-2: Reached on error, E3 (Groundball, 34)
Batting: RHB Wallace Bane 0-0: Grounds into double play, 4-6-3 (Groundball, 4)
Top of the 5th over - 0 runs, 0 hits, 1 error, 0 left on base; Westwood 2 - Belvedere Park 0
BOTTOM OF THE 5TH
Belvedere Park Rawhides batting - Pitching for Westwood Sixshooters : RHP José Blanco
Batting: RHB Wallace Belyeu 0-0: Called Strike
0-1: Fly out, F9 (Flyball, 9D)
Batting: SHB José Pinto 0-0: Called Strike
0-1: Ground out 4-3 (Groundball, 4S)
Batting: LHB Ken Gill 0-0: Called Strike
0-1: Called Strike
0-2: Ground out 5-3 (Groundball, 5L)
Bottom of the 5th over - 0 runs, 0 hits, 0 errors, 0 left on base; Westwood 2 - Belvedere Park 0
TOP OF THE 6TH
Westwood Sixshooters batting - Pitching for Belvedere Park Rawhides : RHP Ricardo Ferreira
Batting: SHB Jin-yong Ch'oe 0-0: Foul Ball, location: 2F
0-1: Foul Ball, location: 2F
0-2: Ball
1-2: Foul Ball, location: 2F
1-2: Ball
2-2: Ball
3-2: Base on Balls
Batting: RHB Simone Catalani 0-0: Ball
1-0: Ball
2-0: Called Strike
2-1: Foul Ball, location: 2F
2-2: SINGLE (Flyball, 78S)
Jin-yong Ch'oe to second
Batting: RHB Oki Hai 0-0: Swinging Strike
0-1: Fly out, F8 (Line Drive, 78M)
Batting: RHB George Cook 0-0: Ball
1-0: Ball
2-0: SINGLE (Line Drive, 6M)
Jin-yong Ch'oe to third
Simone Catalani to second
Runner from 3rd tries for Home, SAFE, throw made home
Batting: RHB Cody Riddle 0-0: Called Strike
0-1: Ball
Passed Ball!
Simone Catalani to third
George Cook to second
1-1: Ball
2-1: Ball
3-1: Foul Ball, location: 2F
3-2: Base on Balls
Batting: SHB Julián Valentín 0-0: Swinging Strike
0-1: Ball
1-1: Reached on error, E1 (Line Drive, 13)
Simone Catalani scores
George Cook to third
Cody Riddle to second
Pitching: RHP Edwin Powell
Batting: LHB Jorge Corella 0-0: Swinging Strike
0-1: Fly out, F9 (Flyball, 9S)
Batting: SHB José Tirado 0-0: Ball
1-0: Fly out, F9 (Flyball, 9LS)
Top of the 6th over - 2 runs, 2 hits, 1 error, 3 left on base; Westwood 4 - Belvedere Park 0
BOTTOM OF THE 6TH
Belvedere Park Rawhides batting - Pitching for Westwood Sixshooters : RHP José Blanco
Batting: RHB Min-gook Ch'oe 0-0: Called Strike
0-1: Ball
1-1: Called Strike
1-2: Ball
2-2: Foul Ball, location: 2F
2-2: Foul Ball, location: 2F
2-2: Foul Ball, location: 2F
2-2: Foul Ball, location: 2F
2-2: Ball
3-2: SINGLE (Line Drive, 6M)
Batting: RHB Domingo Trujillo 0-0: Ball
1-0: Swinging Strike
1-1: Foul Ball, location: 2F
1-2: Foul Ball, location: 2F
1-2: Ball
2-2: Foul Ball, location: 2F
2-2: SINGLE (Line Drive, 7S)
Min-gook Ch'oe to second
Batting: RHB Pat Lloyd 0-0: Ball
1-0: Foul Ball, location: 2F
1-1: Ground out 6-3 (Groundball, 6MS)
Min-gook Ch'oe to third
Domingo Trujillo to second
Batting: RHB Hang-ki Chung 0-0: Called Strike
0-1: Foul Ball, location: 2F
0-2: Strikes out swinging
Batting: RHB Pat Sizemore 0-0: Called Strike
0-1: Ground out 6-3 (Groundball, 56D)
Bottom of the 6th over - 0 runs, 2 hits, 0 errors, 2 left on base; Westwood 4 - Belvedere Park 0
TOP OF THE 7TH
Westwood Sixshooters batting - Pitching for Belvedere Park Rawhides : RHP Edwin Powell
Batting: RHB Wallace Bane 0-0: Ball
1-0: Called Strike
1-1: Ball
2-1: Fly out, F3 (Popup, 3SF)
Batting: SHB Jin-yong Ch'oe 0-0: Fly out, F9 (Flyball, 89M)
Batting: RHB Simone Catalani 0-0: Ball
1-0: Called Strike
1-1: DOUBLE (Line Drive, 8LD)
Batting: RHB Oki Hai 0-0: SINGLE (Line Drive, 7S)
Simone Catalani to third
Runner from 3rd tries for Home, SAFE, no throw
Batting: RHB George Cook 0-0: Foul Ball, location: 2F
0-1: Swinging Strike
0-2: Foul Ball, location: 2F
0-2: Ball
1-2: Fly out, F7 (Line Drive, 7)
Top of the 7th over - 1 run, 2 hits, 0 errors, 1 left on base; Westwood 5 - Belvedere Park 0
BOTTOM OF THE 7TH
Belvedere Park Rawhides batting - Pitching for Westwood Sixshooters : RHP José Blanco
Batting: RHB Mike Printup 0-0: Fly out, F9 (Line Drive, 9S)
Batting: RHB Wallace Belyeu 0-0: SINGLE (Line Drive, 8LS)
Batting: SHB José Pinto 0-0: Ball
Wallace Belyeu is caught stealing 2nd base
1-0: Called Strike
1-1: Ball
2-1: Ground out 4-3 (Groundball, 4S)
Bottom of the 7th over - 0 runs, 1 hit, 0 errors, 0 left on base; Westwood 5 - Belvedere Park 0
TOP OF THE 8TH
Westwood Sixshooters batting - Pitching for Belvedere Park Rawhides : RHP Edwin Powell
Batting: RHB Cody Riddle 0-0: Called Strike
0-1: Called Strike
0-2: Strikes out swinging
Batting: SHB Julián Valentín 0-0: Ball
1-0: Ball
2-0: Ball
3-0: Base on Balls
Batting: LHB Jorge Corella 0-0: Fly out, F5 (Popup, 56)
Batting: SHB José Tirado 0-0: Foul Ball, location: 2F
0-1: Swinging Strike
0-2: Ground out 4-3 (Groundball, 4)
Top of the 8th over - 0 runs, 0 hits, 0 errors, 1 left on base; Westwood 5 - Belvedere Park 0
BOTTOM OF THE 8TH
Belvedere Park Rawhides batting - Pitching for Westwood Sixshooters : RHP José Blanco
Now in CF: Shirai Yoshida
Batting: LHB Ken Gill 0-0: Ball
1-0: Ball
2-0: Foul Ball, location: 2F
2-1: Foul Ball, location: 2F
2-2: Foul Ball, location: 2F
2-2: Fly out, F8 (Flyball, 8RD)
Batting: RHB Min-gook Ch'oe 0-0: Fly out, F8 (Flyball, 89M)
Batting: RHB Domingo Trujillo 0-0: Ball
1-0: Fly out, F8 (Flyball, 8LXD)
Bottom of the 8th over - 0 runs, 0 hits, 0 errors, 0 left on base; Westwood 5 - Belvedere Park 0
TOP OF THE 9TH
Westwood Sixshooters batting - Pitching for Belvedere Park Rawhides : RHP Edwin Powell
Pitching: RHP Ron Pomar
Batting: RHB Wallace Bane 0-0: Called Strike
0-1: Foul Ball, location: 2F
0-2: Ball
1-2: Foul Ball, location: 2F
1-2: Ball
2-2: Ball
3-2: Ground out 6-3 (Groundball, 6)
Batting: SHB Jin-yong Ch'oe 0-0: Ball
1-0: Called Strike
1-1: Swinging Strike
1-2: Strikes out swinging
Batting: RHB Simone Catalani 0-0: Called Strike
0-1: Fly out, F7 (Flyball, 7LS)
Top of the 9th over - 0 runs, 0 hits, 0 errors, 0 left on base; Westwood 5 - Belvedere Park 0
BOTTOM OF THE 9TH
Belvedere Park Rawhides batting - Pitching for Westwood Sixshooters : RHP José Blanco
Now at SS: António Quintero
Batting: RHB Pat Lloyd 0-0: Called Strike
0-1: Ball
1-1: Foul Ball, location: 2F
1-2: Fly out, F5 (Line Drive, 5)
Batting: RHB Hang-ki Chung 0-0: Ball
1-0: Ball
2-0: Called Strike
2-1: Ball
3-1: Foul Ball, location: 2F
3-2: Base on Balls
Pitching: LHP Maurice Hilliard
Batting: RHB Pat Sizemore 0-0: Ball
1-0: Single, Error in OF, E8, batter to second base
Hang-ki Chung to third
Batting: RHB Mike Printup 0-0: Ball
1-0: Ball
2-0: Reached on error, E3 (Groundball, 34S)
Hang-ki Chung scores
Pat Sizemore to third
Batting: RHB Wallace Belyeu 0-0: Called Strike
0-1: Called Strike
0-2: Strikes out swinging
Batting: SHB José Pinto 0-0: Ball
1-0: Ball
2-0: Foul Ball, location: 2F
2-1: Fielders Choice at 2nd, 6-4 (Groundball, 6)
Bottom of the 9th over - 1 run, 1 hit, 2 errors, 2 left on base; Westwood 5 - Belvedere Park 1
Friday, March 29th, 2019 - OOTP Baseball 18.8 Build 76